 Dungeon Crawl Stone Soup version 0.20-a0-640-g62ed22f (webtiles) character file.

226 polly the Slasher (level 5, -5/41 HPs)
             Began as a Demonspawn Gladiator on Feb 13, 2017.
             Killed by divine providence
             ... invoked by an orc priest
              (12 damage)
             ... on level 3 of the Dungeon.
             The game lasted 00:02:45 (1817 turns).

polly the Slasher (Demonspawn Gladiator)            Turns: 1817, Time: 00:02:46

Health: -5/41      AC:  7    Str: 16    XL:     5   Next: 69%
Magic:  0/5        EV: 13    Int:  9    God:
Gold:   140        SH:  0    Dex: 14    Spells: 4/4 levels left

rFire    . . .     SeeInvis .   a - +0 long sword
rCold    . . .     Gourm    .   b - +0 leather armour
rNeg     . . .     Faith    .   (no shield)
rPois    .         Spirit   +   c - +0 helmet
rElec    .         Reflect  .   (no cloak)
rCorr    .         Harm     .   (no gloves)
MR       .....                  (no boots)
Stlth    +.........             (no amulet)
Regen    0.2/turn               (no ring)
MPRegen  0.1/turn               (no ring)

@: starving
A: slimy green scales 2, magic shield
a: no special abilities


You were on level 3 of the Dungeon.
You were starving.

You visited 1 branch of the dungeon, and saw 3 of its levels.

You collected 140 gold pieces.

Inventory:

Hand Weapons
 a - a +0 long sword (weapon)
Missiles
 d - 3 throwing nets (quivered)
Armour
 b - a +0 leather armour (worn)
 c - a +0 helmet (worn)
Jewellery
 g - an uncursed amulet of the gourmand {unknown}
 m - an uncursed ring of ice {unknown}
 q - an uncursed ring of stealth {unknown}
Wands
 p - a wand of acid (10/15)
Scrolls
 e - 2 scrolls of remove curse
 h - 3 scrolls of identify {unknown}
 i - 3 scrolls of teleportation {unknown}
 j - a scroll of blinking {unknown}
 k - a scroll of immolation {unknown}
 l - a scroll of amnesia {unknown}
 s - a scroll of enchant weapon {unknown}
 t - a scroll of noise {unknown}
Potions
 n - a potion of ambrosia {unknown}
 o - a potion of agility {unknown}
Comestibles
 f - a bread ration
 r - 2 fruits


   Skills:
 + Level 3.0 Fighting
 + Level 4.6 Long Blades
 + Level 1.8 Throwing
 + Level 1.2 Armour
 + Level 3.4 Dodging
 + Level 0.6 Stealth


You had 4 spell levels left.
You didn't know any spells.

Dungeon Overview and Level Annotations

Branches:
Dungeon (3/15)

Altars:


Innate Abilities, Weirdness & Mutations

You are mostly covered in slimy green scales. (AC +3)
When hurt, damage is shared between your health and your magic reserves.


Message History

The orc priest is heavily wounded.
The orc priest hits you with a club. The orc hits you with a hand axe.
You closely miss the orc priest.
The orc priest is heavily wounded.
The orc priest mumbles some strange prayers to Beogh against you.
Pain shoots through your body!
* * * LOW HITPOINT WARNING * * *
The orc hits you with a hand axe.
* * * LOW HITPOINT WARNING * * *
You hit the orc priest but do no damage.
The orc priest is heavily wounded.
The orc priest hits you with a club. The orc closely misses you.
You riposte.
You hit the orc.
The orc is severely wounded.
An adder comes into view.
You hit the orc priest.
The orc priest is severely wounded.
The orc priest calls down the wrath of Beogh upon you.
Beogh smites you!
You die...

## ..##..###. .
#..#.#... # ###..#...# #
##. #.....<.# # #..
##.###...# #
#.###........##
###.##....###..)##
..#.#...### #[...#
....#..## ##.#@#
#..†...##### #.#oo.S.#
#..........###..#.......
#.#..#####..##......###.
..#...##..............
....#........#.....[...
.>#####......#.# ..##.##
....#.>......#. ### ..
......##.....#


You could see an orc priest, an adder and an orc.

Vanquished Creatures
  A centaur (D:3)
  A hound (D:3)
  An orc wizard (D:3)
  4 adders (D:2)
  An ooze (D:3)
  A dart slug (D:1)
  A leopard gecko (D:2)
  An orc (D:3)
  2 bats (D:1)
  A giant cockroach (D:1)
  6 goblins
  6 hobgoblins
  3 frilled lizards
  11 kobolds
  6 rats
46 creatures vanquished.

Notes
Turn   | Place    | Note
-------+----------+-------------------------------------------
     0 | D:1      | polly the Demonspawn Gladiator began the quest for the Orb.
     0 | D:1      | Reached XP level 1. HP: 16/16 MP: 1/1
   296 | D:1      | Gained mutation: You are partially covered in slimy green scales. (AC +2) [demonic ancestry]
   296 | D:1      | Reached XP level 2. HP: 20/22 MP: 2/2
   402 | D:1      | Reached skill level 3 in Long Blades
   976 | D:2      | Reached XP level 3. HP: 27/27 MP: 3/3
  1353 | D:3      | Noticed a centaur
  1362 | D:3      | HP: 1/28 [poisoned by an adder]
  1367 | D:2      | Gained mutation: You are mostly covered in slimy green scales. (AC +3) [demonic ancestry]
  1367 | D:2      | Reached XP level 4. HP: 18/34 MP: 4/4
  1514 | D:3      | Killed a centaur
  1514 | D:3      | Reached skill level 4 in Long Blades
  1514 | D:3      | Reached skill level 1 in Armour
  1514 | D:3      | Gained mutation: When hurt, damage is shared between your health and your magic reserves. [demonic ancestry]
  1514 | D:3      | Reached XP level 5. HP: 12/40 MP: 5/5
  1817 | D:3      | Killed from afar by an orc priest

Vault maps used:
D:1:      lemuel_arrival_funnel
D:3:      makhleb_blood_cavern_becter

Skill      XL: |  1  2  3  4  5 |
---------------+----------------+-----
Dodging        | 3 |  3.4
Long Blades    | 3 4 |  4.6
Armour         | 1 |  1.2
Fighting       | 3 |  3.0
Throwing       | |  1.8
Stealth        | |  0.6

Action                   |  1- 3 |  4- 6 || total
-------------------------+-------+-------++-------
Melee: Long sword        |    98 |    49 ||   147
  Use: Potion            |     2 |       ||     2
       Scroll            |     1 |       ||     1
  Eat: Chunk             |     1 |       ||     1
Armor: Leather armour    |    31 |    27 ||    58
Dodge: Dodged            |    82 |    41 ||   123
       Rpst.: Long sword |    22 |    10 ||    32
